Unix NetHack Version 3.7.0-89 Work-in-progress - last build Oct 29 2023 02:39:45 (20cca84197b74dff38aa9bb07c633f6875ef724d,branch:master). Game began 2023-10-31 21:56:49, ended 2023-10-31 22:04:57. BeanNighe, neutral male human Tourist ------ --+-- ----------- |....| |....############ #-.........| |....-# |_..| ############|.........| ----- |....|# |.>.| ------## |.........| |...| |....|# |...-# |....| |...}}}$..| #-...| ------# |...|## |....+ |...}}}.... #|>..| # -.--- ## |....| |...}}}...| #----- # ## # -....| |.........| # ### # # ---.-- |.%....%..| # # # # ##### |....o....| # # # # # ----------- # # # ### # ## ### # # ## #### # # # -----.--- # --|------- ## ########## # # |.......| # |..<.....| B# #----.-# # |.......| # |.........########@0#####......# ##-.......| #####...{.....| #|....| |.......| ---------- .....| --------- ------ BeanNighe the Sightseer St:8 Dx:16 Co:11 In:17 Wi:7 Ch:13 Neutral Dlvl:4 $:237 HP:0(17) Pw:10(10) AC:8 Xp:3/53 T:1711 Latest messages: You swap places with Lucey. You hear crashing rock. E - a scroll labeled VE FORBRYDERNE. You can't go down here. You climb up the stairs. You swap places with your kitten. The giant rat just misses! What do you want to throw? [$amC or ?*] In what direction? You kill the giant rat! You see here an uncursed +2 dart. a - an uncursed +2 dart (at the ready) (31 in total). You swap places with your kitten. What do you want to throw? [$amC or ?*] In what direction? The dart misses the floating eye. What do you want to throw? [$amC or ?*] In what direction? The dart hits the floating eye. It misses the floating eye. You hear someone cursing shoplifters. Lucey is confused from hunger. The kitten misses the floating eye. The kitten is frozen by the floating eye's gaze! What do you want to throw? [$amC or ?*] In what direction? The dart hits the floating eye. What do you want to throw? [$amC or ?*] In what direction? You kill the floating eye! There is a floating eye corpse here; eat it? [ynq] (n) This floating eye corpse is fatty. You finish eating the floating eye corpse. You feel a strange mental acuity. a - 4 uncursed +2 darts (at the ready) (31 in total). # What do you want to adjust? [ac-eg-su-zC-E or ?*] Adjust letter to what [bfptABF-Z] (? see used letters)? Moving: t - an uncursed blindfold. What do you want to wear? [*] You are now wearing a blindfold. You can't see any more. What do you want to take off? [iz or ?*] You were wearing an uncursed blindfold. You can see again. The giant bat bites! The giant bat bites! The giant bat bites! The giant bat bites! You die... Inventory: Coins ('$') $ - 237 gold pieces Weapons (')') m - 8 blessed +0 darts a - 31 uncursed +2 darts (at the ready) C - 9 uncursed +0 darts Armor ('[') z - an uncursed +0 pair of high boots (being worn) i - an uncursed +0 Hawaiian shirt with a hibiscus flower motif (being worn) Comestibles ('%') n - a cursed haggis d - 8 uncursed food rations e - 2 uncursed tins of stir fried jackal meat c - 3 uncursed eggs D - an uncursed lichen corpse Scrolls ('?') r - an uncursed scroll of amnesia l - an uncursed scroll of destroy armor o - an uncursed scroll of enchant weapon E - a blessed scroll of identify u - an uncursed scroll of identify h - 4 uncursed scrolls of magic mapping Potions ('!') g - 2 uncursed potions of extra healing v - an uncursed potion of sickness Tools ('(') s - an uncursed blindfold t - an uncursed blindfold k - an uncursed credit card j - an uncursed expensive camera (0:41) q - an uncursed oil lamp w - an uncursed skeleton key x - an uncursed tin whistle y - an uncursed tin whistle BeanNighe the Tourist's attributes: Background: You were a Sightseer, a level 3 male human Tourist. You were neutral, on a mission for The Lady who was opposed by Blind Io (lawful) and Offler (chaotic). You were in the Dungeons of Doom, on level 4. You entered the dungeon 1711 turns ago. It was nighttime. There was a full moon in effect when your adventure ended. You had 53 experience points, 27 more were needed to attain level 4. Basics: You had 0 out of 17 hit points. You had all 10 energy points (spell power). Your armor class was 8. Your wallet contained 237 zorkmids. Autopickup was on for '$?!"=/*', with exceptions. Final Characteristics: Your strength was 8 (peak:10, limit:18/100). Your dexterity was 16 (limit:18). Your constitution was 11 (limit:18). Your intelligence was 17 (limit:18). Your wisdom was 7 (peak:8, limit:18). Your charisma was 13 (limit:18). Final Status: You weren't hungry. You were unencumbered. You were bare handed. You were unskilled in bare handed combat. Final Attributes: You were fervently aligned. You were telepathic. You were lucky. You are dead. Miscellaneous: You never encountered a bones level. Total elapsed playing time was 8 minutes and 8 seconds. Major events: Turn 1: BeanNighe the neutral male human Tourist entered the dungeon 1623: attained the rank of Sightseer (level 3) 1711: killed by a giant bat Vanquished creatures: a gnome leader a floating eye a kitten a kobold leader 2 hobbits 4 giant rats a yellow mold a green mold a gecko 6 jackals a goblin 2 sewer rats 6 lichens 3 newts 31 creatures vanquished. No species were genocided or became extinct. Voluntary challenges: You never hit with a wielded weapon. You were illiterate. You never engraved Elbereth. You never genocided any monsters. You never polymorphed an object. You never changed form. You used no wishes. Achievements: You entered a shop. You attained the rank of Sightseer. The Dungeons of Doom: levels 1 to 5 Level 1: A fountain. Level 2: A shop. Level 3: Level 4: <- You were here. An altar to The Lady, a fountain. Final resting place for you, killed by a giant bat. Level 5: Game over: ---------- / \ / REST \ / IN \ / PEACE \ / \ | BeanNighe | | 237 Au | | killed by a | | giant bat | | | | | | 2023 | *| * * * | * _________)/\\_//(\/(/\)/\//\/|_)_______ Aloha BeanNighe the Tourist... You died in The Dungeons of Doom on dungeon level 4 with 451 points, and 237 pieces of gold, after 1711 moves. You were level 3 with a maximum of 17 hit points when you died.